 Dungeon Crawl Stone Soup version 0.19.3-4-gbf9329e (webtiles) character file.

4108 Gargoyl the Protected (level 10, -1/84 HPs)
             Began as a Ghoul Abyssal Knight on Jan 27, 2017.
             Was an Elder of Lugonu.
             Slain by a spiny frog (12 damage)
             ... on level 8 of the Dungeon.
             The game lasted 00:19:13 (7796 turns).

Gargoyl the Protected (Ghoul Abyssal Knight)        Turns: 7796, Time: 00:19:14

Health: -1/84      AC: 19    Str: 18      XL:     10   Next: 26%
Magic:  10/14      EV:  6    Int:  7      God:    Lugonu [****..]
Gold:   310        SH:  6    Dex:  9 (10) Spells: 0 memorised, 9 levels left

rFire  . . .     SeeInvis .     g - +2 rapier (venom)
rCold  + + .     Gourm    .     F - +0 plate armour
rNeg   + + +     Faith    .     C - +2 buckler
rPois  ∞         Spirit   .     b - +1 helmet
rElec  .         Reflect  .     q - +2 cloak
rCorr  .         Harm     .     (no gloves)
MR     .....                    (no boots)
Stlth  ..........               (no amulet)
                                (no ring)
                                m - ring of protection from cold

@: very slightly contaminated, rotting
A: rotting body, claws 1, carnivore 3, cold resistance 1, negative energy
resistance 3, slow regeneration 1, torment resistance, unbreathing
a: Depart the Abyss, Bend Space, Banish, Corrupt, Renounce Religion


You were on level 8 of the Dungeon.
You worshipped Lugonu.
Lugonu was greatly pleased with you.
You were not hungry.

You visited 2 branches of the dungeon, and saw 10 of its levels.
You visited the Abyss 1 time.

You collected 562 gold pieces.
You spent 252 gold pieces at shops.

Inventory:

Hand Weapons
 a - a +1 hand axe
 g - a +2 rapier of venom (weapon)
 E - a +1 spear of flaming
 H - a +0 war axe
Missiles
 y - 6 tomahawks (quivered)
Armour
 b - a +1 helmet (worn)
 q - a +2 cloak (worn)
 C - a +2 buckler (worn)
 F - a +0 plate armour (worn)
Jewellery
 m - a ring of protection from cold (left claw)
Wands
 o - a wand of slowing (29/48)
 r - a wand of random effects (38/48)
Scrolls
 l - a scroll of fear
 s - 6 scrolls of amnesia
 B - a scroll of magic mapping {unknown}
 G - a scroll of identify
Potions
 d - 2 potions of curing {unknown}
 e - a potion of brilliance {unknown}
 h - a potion of resistance {unknown}
 i - a potion of flight {unknown}
 k - 3 potions of berserk rage {unknown}
 n - a potion of might {unknown}
 p - 2 potions of haste
 v - a potion of heal wounds {unknown}
 w - 5 potions of agility {unknown}
 x - 2 potions of cure mutation {unknown}
 z - 3 potions of lignification {unknown}
Books
 t - a book of Maledictions

   Spells                             Type                      Level
   a - Corona                         Hexes                        1
   b - Ensorcelled Hibernation        Hexes/Ice                    2
   c - Confuse                        Hexes                        3
   d - Tukima's Dance                 Hexes                        3
   e - Dazzling Spray                 Conjuration/Hexes            3
Comestibles
 c - 2 meat rations
 u - a royal jelly
 A - 7 beef jerkies


   Skills:
 + Level 6.7 Fighting
 + Level 7.1 Short Blades
 - Level 1.7 Axes
 * Level 8.0 Armour
 - Level 0.8 Dodging
 + Level 2.5 Shields
 * Level 7.0 Invocations
 + Level 0.5 Evocations


You had 9 spell levels left.
You didn't know any spells.

Dungeon Overview and Level Annotations

Branches:
Dungeon (9/15)             Temple (0/1) D:5            Lair (1/6) D:8
    Orc: D:9-12

Altars:
Ashenzari
Dithmenos
Fedhas
Hepliaklqana
Makhleb
Nemelex Xobeh
Okawaru
Ru
Sif Muna
Xom

Shops:
D:5 [

Annotations:
D:9 Erica


Innate Abilities, Weirdness & Mutations

Your body is rotting away.
You thrive on raw meat.
You are immune to poison.
You have sharp fingernails.
You are carnivorous and can eat meat at any time.
Your flesh is cold resistant. (rC+)
You are immune to negative energy. (rN+++)
You regenerate slowly when monsters are visible.
You are immune to unholy pain and torment.
You can survive without breathing.


Message History

The sky beast flickers out of sight!
You hear some strange, mumbled words.
An orb of energy appears from out of thin air!
The orb of energy hits you!
* * * LOW HITPOINT WARNING * * *
You climb upwards.
The spiny frog completely misses you. The spiny frog stings you!
* * * LOW HITPOINT WARNING * * *
There is a stone staircase leading down here.
Eat a chunk of flesh? (ye/n/q)
You start eating the chunk of flesh.
You block the spiny frog's attack.
This raw flesh tastes great!
Unknown command.
There isn't anything here!
Press: ? - help, Shift-Dir - straight line, f - spiny frog
Aim: a spiny frog (moderately wounded, chance to defeat MR: 84%)
The spiny frog barely resists.
You feel quite a bit more hungry.
You can no longer gate yourself to the Abyss.
The spiny frog stings you!
You die...

....# #.....#### ....#
#.....##<###### ....#
#.....##.#....####### ....#
#.....##.#.##.##....# ....#
#........#.##.##.##.# ....#
#.....####)##....##.# ....#
#####.............#.#
....##############.######.#.#
...............F@#.# ####.#.#
....############.#.# #....#.#
##### ###...# #.####.####
########.....# #....#....#
#............######.####.#
#.#####......##...#......#
#####.#####.......#.#.#......#
#.................#...##.##.##
#.................##.....##.#


You could see a spiny frog.

Vanquished Creatures
  Grinder (D:4)
  A hippogriff (D:5)
  2 yaks (D:8)
  A mottled dragon (D:4)
  Duvessa (D:5)
  An ice beast (D:7)
  An orc warrior (D:8)
  A hornet zombie (D:6)
  A necrophage (D:7)
  3 ogres
  3 sky beasts
  2 phantoms (D:5)
  A centaur (D:7)
  The ghost of cba the Sneak, an amateur OpAs (D:3)
  Blork the orc (D:6)
  Dowan (D:5)
  3 scorpions
  3 killer bees (D:7)
  2 howler monkeys
  4 crimson imps
  A quasit (D:6)
  2 bullfrog zombies
  4 hounds
  3 orc priests
  A jelly (D:7)
  A gnoll shaman (D:4)
  2 orc wizards
  Crazy Yiuf (D:4)
  5 iguanas
  4 bullfrog skeletons
  8 worker ants
  2 hound zombies (D:5)
  16 gnolls
  14 adders
  An ooze (D:4)
  An adder zombie (D:5)
  An adder skeleton (D:5)
  3 worms
  12 dart slugs
  5 leopard geckos
  22 orcs
  4 ball pythons
  6 bats
  6 giant cockroaches
  12 goblins
  5 hobgoblins
  15 jackals
  4 quokkas
  8 frilled lizards
  7 kobolds
  A leopard gecko zombie (D:5)
  2 quokka skeletons
  A quokka zombie (D:8)
  6 rats
  A plant (D:4)
221 creatures vanquished.

Vanquished Creatures (others)
  A crimson imp (D:6)
1 creature vanquished.

Grand Total: 222 creatures vanquished

Notes
Turn   | Place    | Note
-------+----------+-------------------------------------------
     0 | Abyss:1  | Gargoyl the Ghoul Abyssal Knight began the quest for the Orb.
     0 | Abyss:1  | Reached XP level 1. HP: 19/19 MP: 1/1
    63 | Abyss:2  | Noticed an iron imp
    66 | Abyss:2  | Noticed a small abomination
    71 | D:1      | Escaped the Abyss
   157 | D:1      | Reached * piety under Lugonu
   185 | D:1      | Reached XP level 2. HP: 23/26 MP: 2/2
   190 | D:1      | Reached skill level 2 in Armour
   589 | D:1      | Reached XP level 3. HP: 18/33 MP: 3/3
   840 | D:2      | Reached XP level 4. HP: 34/40 MP: 3/5
   889 | D:2      | Reached ** piety under Lugonu
   940 | D:2      | Found a shadowy altar of Dithmenos.
   970 | D:2      | Reached skill level 1 in Short Blades
   970 | D:2      | Reached skill level 3 in Armour
  1200 | D:2      | Found a sacrificial altar of Ru.
  1495 | D:3      | Reached XP level 5. HP: 24/46 MP: 6/6
  1545 | D:3      | Noticed cba's ghost (amateur OpAs)
  1564 | D:4      | Noticed an ogre
  1686 | D:3      | Killed cba's ghost
  1686 | D:3      | Reached XP level 6. HP: 37/52 MP: 7/7
  1898 | D:3      | Reached *** piety under Lugonu
  2195 | D:4      | Reached skill level 4 in Armour
  2200 | D:4      | Noticed Grinder
  2204 | D:4      | Paralysed by Grinder for 7 turns
  2281 | D:4      | Killed Grinder
  2281 | D:4      | Reached XP level 7. HP: 38/60 MP: 7/9
  2543 | D:4      | Found an iron altar of Okawaru.
  2903 | D:4      | Noticed a mottled dragon
  2903 | D:4      | an ogre changed into a mottled dragon
  2908 | D:5      | Entered Level 5 of the Dungeon
  3098 | D:4      | Found a runed door.
  3102 | D:4      | Noticed Crazy Yiuf
  3107 | D:4      | Killed Crazy Yiuf
  3229 | D:4      | Killed a mottled dragon
  3229 | D:4      | Reached skill level 5 in Armour
  3229 | D:4      | Reached XP level 8. HP: 27/67 MP: 10/10
  3696 | D:5      | Found Siemiy's Antique Armour Shop.
  3961 | D:5      | Reached skill level 5 in Fighting
  4154 | D:5      | Noticed a hippogriff
  4163 | D:5      | Found a staircase to the Ecumenical Temple.
  4173 | D:4      | Found a blossoming altar of Fedhas.
  4191 | D:5      | Killed a hippogriff
  4191 | D:5      | Reached skill level 5 in Invocations
  4237 | D:5      | Reached skill level 5 in Short Blades
  4306 | D:5      | Reached skill level 6 in Armour
  4374 | D:5      | Bought a runed buckler for 252 gold pieces
  4516 | D:5      | Reached **** piety under Lugonu
  4546 | D:5      | Noticed Dowan
  4547 | D:5      | Noticed Duvessa
  4563 | D:5      | Killed Duvessa
  4568 | D:5      | Killed Dowan
  4625 | D:5      | Reached XP level 9. HP: 72/74 MP: 12/12
  4886 | D:5      | Found a deep blue altar of Sif Muna.
  4984 | D:5      | Found a hazy altar of Hepliaklqana.
  4986 | D:5      | Found a sparkling altar of Nemelex Xobeh.
  4986 | D:5      | Found a shattered altar of Ashenzari.
  5440 | D:6      | Reached skill level 1 in Shields
  5746 | D:6      | Noticed Blork the orc
  5760 | D:6      | Killed Blork the orc
  5975 | D:6      | Reached skill level 7 in Armour
  7009 | D:7      | Reached XP level 10. HP: 84/84 MP: 14/14
  7217 | D:8      | Found a staircase to the Lair.
  7283 | D:8      | Found a shimmering altar of Xom.
  7284 | D:8      | Found a burning altar of Makhleb.
  7678 | D:8      | Reached ***** piety under Lugonu
  7710 | Lair:1   | Entered Level 1 of the Lair of Beasts
  7710 | Lair:1   | Noticed a spiny frog
  7713 | Lair:1   | Noticed a spiny frog
  7743 | D:8      | Reached skill level 8 in Armour
  7779 | D:9      | Noticed Erica
  7794 | D:8      | HP: 1/84 [spiny frog (7)]
  7796 | D:8      | Slain by a spiny frog

Skill      XL: |  1  2  3  4  5  6  7  8  9 10 |
---------------+-------------------------------+-----
Armour         | 2 3 4 5 6 7 8 |  8.0
Short Blades   | 1 3 4 5 6 7 |  7.1
Invocations    | 3 4 5 6 7 |  7.0
Fighting       | 4 5 6 |  6.7
Shields        | 2 |  2.5
Axes           | |  1.7
Dodging        | |  0.8
Evocations     | |  0.5

Action                   |  1- 3 |  4- 6 |  7- 9 | 10-12 || total
-------------------------+-------+-------+-------+-------++-------
Melee: Rapier            |    78 |   203 |   513 |   115 ||   909
       Hand axe          |       |       |   119 |       ||   119
Invok: Depart the Abyss  |     1 |       |       |       ||     1
       Banish            |       |       |     3 |     1 ||     4
       Bend Space        |       |       |       |     2 ||     2
Evoke: Wand              |       |     1 |     1 |       ||     2
  Use: Scroll            |     1 |     3 |    14 |     2 ||    20
  Eat: Chunk             |     6 |    26 |    58 |    15 ||   105
Armor: Chain mail        |    66 |   173 |   303 |       ||   542
       Plate armour      |       |       |    94 |    80 ||   174
Dodge: Dodged            |    28 |   103 |   206 |    39 ||   376
Block: Buckler           |       |       |   129 |    34 ||   163
